 Dungeon Crawl Stone Soup version 0.22-a0-612-gd2f0174 (webtiles) character file.

95 iamserjio the Chopper (level 4, -1/42 HPs)
             Began as a Naga Berserker on July 11, 2018.
             Was a Follower of Trog.
             Slain by an orc
             ... wielding a +0 flail
              (7 damage)
             ... on level 3 of the Dungeon.
             The game lasted 00:01:39 (202 turns).

iamserjio the Chopper (Naga Berserker)               Turns: 202, Time: 00:01:39

Health: -1/42      AC:  4    Str: 19    XL:     4   Next: 65%
Magic:  0/4        EV:  9    Int:  8    God:    Trog [*.....]
Gold:   28         SH:  0    Dex: 11    Spells: 3/3 levels left

rFire    . . .     SeeInvis +   a - +0 hand axe
rCold    . . .     Gourm    .   (no shield)
rNeg     . . .     Faith    .   j - +0 leather armour
rPois    +         Spirit   +   (no helmet)
rElec    .         Reflect  .   e - scarf {Spirit}
rCorr    .         Harm     .   h - +0 pair of gloves
MR       .....                  (no barding)
Stlth    ++........             (no amulet)
HPRegen  0.14/turn              (no ring)
MPRegen  0.09/turn              (no ring)

@: berserk cooldown, very slow
A: large, see invisible, deformed body, poison resistance, slowness 2, slow
metabolism 1, spit poison 1, AC +1
a: Spit Poison, Berserk, Renounce Religion


You were on level 3 of the Dungeon.
You worshipped Trog.
Trog was aware of your devotion.
You were not hungry.

You visited 1 branch of the dungeon, and saw 4 of its levels.

You collected 28 gold pieces.

Inventory:

Hand Weapons
 a - a +0 hand axe (weapon)
Armour
 b - a +0 animal skin
 e - a scarf of spirit shield (worn)
 h - a +0 pair of gloves (worn)
 j - a +0 leather armour (worn)
Scrolls
 i - a scroll of identify {unknown}
Potions
 d - a potion of flight {unknown}
 g - a potion of curing {@q1}
Comestibles
 c - 2 rations
 f - a chunk of flesh


   Skills:
 + Level 3.5 Fighting
 * Level 4.0 Axes
 + Level 2.2 Armour
 - Level 1.5 Dodging
 + Level 2.7 Stealth


You had 3 spell levels left.
You didn't know any spells.
Your spell library was empty.

Dungeon Overview and Level Annotations

Branches:
Dungeon (4/15)
 Temple: D:4-7

Altars:


Innate Abilities, Weirdness & Mutations

You cannot wear boots.
Your serpentine skin is tough. (AC +1)
You have supernaturally acute eyesight. (SInv)
Armour fits poorly on your strangely shaped body.
Your system is resistant to poisons. (rPois)
You cover ground very slowly.
You have a slow metabolism.
You can spit poison.


Message History

You finish putting on your +0 leather armour.
A worm, an ooze and an orc come into view.
An orc comes into view. It is wielding a flail.
The orc shouts!
You hear a shout!
An orc comes into view. It is wielding a short sword.
An orc comes into view. It is wielding a whip.
You feel yourself speed up.
The orc shouts!
The orc hits you with a flail!
* * * LOW HITPOINT WARNING * * *
The orc barely misses you. 2 orcs come into view.
The orc shouts!
The orc shouts!
The orc hits you with a flail.
* * * LOW HITPOINT WARNING * * *
You hit the orc.
The orc is almost dead.
The orc hits you with a flail!
You die...

.................
......[.......#
#...........#
#######...........#
#.................#
#.####....<.......#
#######.# #............###
......#.####...............
.....o$o.o@....>........###
#####+#o####............#
#.........##............#
#....w....##............#
#.........##............#
.'..o............#########
##......o...#.#...#
#..........#.#...#
............#.##..#


You could see 4 orcs.

Vanquished Creatures
  2 orc wizards (D:4)
  A hound skeleton (D:4)
  An adder (D:2)
  A river rat (D:4)
  An orc (D:4)
  A giant cockroach (D:2)
  A frilled lizard (D:1)
  2 rats (D:1)
10 creatures vanquished.

Notes
Turn   | Place    | Note
-------+----------+-------------------------------------------
     0 | D:1      | iamserjio the Naga Berserker began the quest for the Orb.
     0 | D:1      | Reached XP level 1. HP: 21/21 MP: 1/1
    52 | D:2      | Reached skill level 1 in Stealth
    52 | D:2      | Reached XP level 2. HP: 28/28 MP: 2/2
   162 | D:4      | Reached XP level 3. HP: 27/34 MP: 1/3
   166 | D:4      | Reached XP level 4. HP: 16/42 MP: 1/4
   168 | D:4      | Reached skill level 4 in Axes
   202 | D:3      | Slain by an orc

Vault maps used:
D:1:      minmay_arrival_five_plusses
D:2:      old_standard_altar, kennysheep_generic_room_9, uniq_terence
D:3:      grunt_qazlal_clouds, uniq_sigmund
D:4:      old_standard_altar, first_ration, lightli_sewer_entry_pipes

Skill      XL: |  1  2  3  4 |
---------------+-------------+-----
Stealth        | 1 2 |  2.7
Armour         | 2 |  2.2
Axes           | 4 |  4.0
Fighting       | |  3.5
Dodging        | |  1.5

Action                   |  1- 3 |  4- 6 || total
-------------------------+-------+-------++-------
Melee: Hand axe          |    17 |     4 ||    21
Invok: Berserk           |     2 |       ||     2
  Use: Potion            |       |     1 ||     1
 Stab: Sleeping          |     1 |       ||     1
Armor: Animal skin       |     3 |     1 ||     4
Dodge: Dodged            |    11 |     2 ||    13

Table legend:
 A = Spawn XP
 B = Non-spawn XP
 C = Spawn XP percentage of total XP
 D = Spawn monster count
 E = Non-spawn monster count
 F = Spawn count percentage of total count
 G = Total turns spent on level
                    A         B        C        D         E        F      G
               +---------+---------+-------+---------+---------+-------+---------
         Total |       0 |     136 |   0.0 |       0 |      10 |   0.0 |   202
               +---------+---------+-------+---------+---------+-------+---------
           D:1 |       0 |       3 |   0.0 |       0 |       3 |   0.0 |    37
           D:2 |       0 |      15 |   0.0 |       0 |       2 |   0.0 |    89
           D:4 |       0 |     118 |   0.0 |       0 |       5 |   0.0 |    17
               +---------+---------+-------+---------+---------+-------+---------
